AoeStats
← iKill

Arabia

506729099Analyzed
2v2 RM · 17d ago on Sep 14, 2026· 61m 45s· 4 players
Game mode
Random Map
Map size
Medium (4 player)
Population
200
Speed
Normal
Resources
Standard
Victory
Conquest
Starting age
Dark Age
Ending age
Imperial Age
RankedLock teamsTeams togetherTeam positionsShared explorationLock speedFull tech treeHidden civsTurbo modeCheats
Victory
Defeat
🇲🇽 Portuguese · Mexico
660
+13
🇲🇽 Khmer · Mexico
621
+14
🇧🇷 Slavs · Brazil
605
-14
🇵🇹 Britons · Portugal
576
-13
Toerz
11:09 Feudal Age
11:48 Double-Bit Axe
15:36 Horse Collar
15:55 Gold Mining
18:52 Wheelbarrow
20:31 Castle Age
19:14 Stone Mining
22:07 Bow Saw
21:59 Heavy Plow
25:27 Gold Shaft Mining
25:17 Fletching
25:27 Padded Archer Armor
26:37 Wheelbarrow
32:00 Imperial Age
32:01 Hand Cart
32:02 Town Watch
32:25 Loom
32:25 Treadmill Crane
33:40 Town Patrol
34:11 Crossbowman
35:56 Chemistry
35:16 Ballistics
34:54 Pikeman
35:34 Squires
35:45 Bodkin Arrow
36:05 Leather Archer Armor
36:13 Caravan
37:11 Leather Archer Armor
38:00 Coinage
38:55 Yeomen
37:59 Arbalester
39:30 Husbandry
40:26 Guilds
42:00 Bracer
42:31 Ring Archer Armor
42:15 Fervor
42:01 Herbal Medicine
42:27 Town Patrol
43:04 Forging
42:59 Scale Mail Armor
48:29 Iron Casting
48:09 Chain Mail Armor
56:06 Elite Longbowman
57:35 Pikeman
58:16 Squires
58:53 Arrowslits
59:19 Fortified Wall
59:19 Masonry
59:33 Conscription
58:44 Sappers
iKill
12:02 Feudal Age
13:35 Double-Bit Axe
14:21 Horse Collar
17:02 Castle Age
15:40 Wheelbarrow
27:25 Imperial Age
25:15 Gold Mining
25:16 Stone Mining
25:30 Heavy Plow
25:45 Forging
26:19 Bow Saw
28:33 Gold Shaft Mining
27:25 Man-at-Arms
28:08 Squires
31:19 Hand Cart
30:49 Loom
34:22 Crop Rotation
35:14 Two-Man Saw
34:43 Long Swordsman
35:51 Two-Handed Swordsman
37:19 Town Watch
38:00 Redemption
38:26 Illumination
38:18 Block Printing
38:44 Theocracy
38:05 Light Cavalry
38:56 Bloodlines
38:46 Husbandry
39:01 Champion
40:19 Iron Casting
39:46 Scale Mail Armor
39:51 Scale Barding Armor
40:24 Sanctity
40:34 Town Patrol
41:04 Hussar
41:58 Caravan
42:34 Coinage
52:16 Blast Furnace
51:32 Chain Mail Armor
51:37 Chain Barding Armor
53:25 Pikeman
54:27 Pikeman
56:12 Plate Mail Armor
56:18 Plate Barding Armor
55:50 Halberdier
Goberneitor
13:25 Feudal Age
13:38 Loom
14:12 Double-Bit Axe
15:49 Fishing Lines
20:36 Horse Collar
24:25 Castle Age
23:33 Gold Mining
23:37 Stone Mining
29:47 Wheelbarrow
30:22 Town Watch
32:42 Bow Saw
36:31 Imperial Age
35:48 Tusk Swords
36:04 Bloodlines
36:45 Heavy Plow
38:11 Caravan
38:44 Coinage
42:14 Elite Battle Elephant
43:11 Forging
43:01 Scale Mail Armor
43:07 Scale Barding Armor
44:18 Hand Cart
44:03 Town Patrol
44:07 Double Crossbow
43:29 Elite Ballista Elephant
44:34 Conscription
47:03 Husbandry
46:26 Light Cavalry
50:07 Iron Casting
49:47 Chain Mail Armor
49:52 Chain Barding Armor
54:07 Hoardings
53:05 Sappers
62:09 Blast Furnace
61:45 Plate Barding Armor
61:01 Fletching
61:11 Padded Archer Armor
Sadek
5:18 Loom
12:22 Feudal Age
14:35 Wheelbarrow
13:47 Double-Bit Axe
13:45 Horse Collar
14:13 Fishing Lines
16:41 Town Watch
24:27 Forging
24:17 Scale Mail Armor
24:12 Fletching
26:57 Castle Age
25:29 Arson
26:55 Bloodlines
26:48 Stone Mining
26:52 Gold Mining
27:11 Scale Barding Armor
27:08 Padded Archer Armor
28:39 Bow Saw
28:38 Husbandry
28:01 Light Cavalry
29:32 Iron Casting
29:18 Chain Barding Armor
28:54 Bodkin Arrow
29:14 Chain Mail Armor
29:17 Gillnets
30:30 Hand Cart
30:02 Treadmill Crane
32:00 Circumnavigation
32:07 Murder Holes
34:01 Heavy Plow
34:21 Caravan
37:52 Thumb Ring
40:38 Imperial Age
38:09 Town Patrol
38:22 Pikeman
39:55 Leather Archer Armor
40:46 Ballistics
40:37 Masonry
40:39 Fortified Wall
42:19 Chemistry
41:25 Siege Engineers
40:47 Elite Organ Gun
41:50 Conscription
42:35 Blast Furnace
41:35 Bracer
42:09 Guilds
42:30 Arquebus
45:34 Halberdier
47:44 Plate Mail Armor
47:50 Plate Barding Armor
47:45 Ring Archer Armor
49:27 Cavalier
51:14 Architecture
51:05 Bombard Tower
52:03 Elite Skirmisher
53:37 Guard Tower
59:37 Coinage
60:28 Two-Man Saw
60:03 Crop Rotation
Connection lost

Rejoining the realm…

Still unreachable

The connection could not be restored.

Session expired

The server has moved on; the page needs a fresh start.